 Dungeon Crawl Stone Soup version 0.28-a0-906-g0406aca7d3 (webtiles) character file.

Game seed: 13760543960647240418

6733 willcat the Protected (level 10, 0/83 HPs)
             Began as a Demigod Air Elementalist on Nov 23, 2021.
             Slain by an orc warrior (10 damage)
             ... on level 1 of the Orcish Mines on Nov 24, 2021.
             The game lasted 00:15:59 (13718 turns).

willcat the Protected (Demigod Air Elementalist)   Turns: 13718, Time: 00:15:59

Health: 0/83       AC: 16    Str: 17    XL:     10   Next: 47%
Magic:  16/16      EV:  9    Int: 21    God:
Gold:   2790       SH:  8    Dex: 14    Spells: 8/13 levels left

rFire   . . .      SeeInvis .   a - +5 war axe (freeze)
rCold   . . .      Faith    .   c - +0 kite shield
rNeg    . . .      Spirit   .   D - +0 plate armour
rPois   .          Reflect  .   b - +0 helmet
rElec   .          Harm     .   g - scarf {repulsion}
rCorr   .          Rampage  .   (no gloves)
Will    +++..                   n - +0 pair of boots
Stlth   ..........              (no amulet)
HPRegen 0.23/turn               s - ring of willpower
MPRegen 0.15/turn               z - +4 ring of evasion

@: mighty, repel missiles
A: high mp 1, forlorn, strong-willed 1, MP-powered wands
a: no special abilities


You were on level 1 of the Orcish Mines.
You visited 2 branches of the dungeon, and saw 10 of its levels.

You collected 2790 gold pieces.

Inventory:

Hand Weapons
 a - a +5 war axe of freezing (weapon)
 l - a +4 whip of electrocution
Missiles
 i - 4 throwing nets
Armour
 b - a +0 helmet (worn)
 c - a +0 kite shield (worn)
 g - a scarf of repulsion (worn)
 k - a +0 cloak
 n - a +0 pair of boots (worn)
 B - a +1 ring mail of cold resistance
 D - a +0 plate armour (worn)
Jewellery
 s - a ring of willpower (left hand)
 t - a ring of protection from fire
 z - a +4 ring of evasion (right hand)
 E - a ring of resist corrosion
Wands
 d - a wand of flame (20)
 o - a wand of iceblast (3)
 y - a wand of digging (6)
 A - a wand of charming (5)
 F - a wand of polymorph (4)
Scrolls
 e - 2 scrolls of teleportation
 f - 8 scrolls of identify
 h - a scroll of vulnerability {unknown}
 p - 2 scrolls of magic mapping {unknown}
 q - a scroll of silence {unknown}
 r - 2 scrolls of enchant armour {unknown}
 w - 2 scrolls of immolation
 x - 2 scrolls of fear
Potions
 j - a potion of degeneration
 v - 2 potions of haste
 C - a potion of heal wounds


   Skills:
 + Level 5.6 Fighting
 + Level 5.6(6.8) Axes
 - Level 5.8(6.9) Maces & Flails
 + Level 8.2 Armour
 - Level 6.6 Dodging
 - Level 1.7 Stealth
 + Level 2.3 Shields
 - Level 2.2 Spellcasting
 - Level 1.6 Conjurations
 - Level 3.1 Air Magic


You had 8 spell levels left.
You knew the following spells:

 Your Spells              Type           Power      Damage    Failure   Level
a - Shock                 Conj/Air       48%        1d6       100%        1
b - Airstrike             Air            7%         N/A       100%        4

Your spell library contained the following spells:

 Spells                   Type           Power      Damage    Failure   Level
 Slow                     Hex            8%         N/A       100%        1
 Static Discharge         Conj/Air       12%        N/A       100%        2
 Sublimation of Blood     Necr           2%         N/A       100%        2
 Wereblood                Tmut           2%         N/A       100%        2
 Confusing Touch          Hex            2%         N/A       100%        3
 Stone Arrow              Conj/Erth      10%        3d7       100%        3
 Swiftness                Air            15%        N/A       100%        3
 Vampiric Draining        Necr           2%         2d6       100%        3
 Animate Armour           Summ/Erth      4%         N/A       100%        4
 Petrify                  Tmut/Erth      2%         N/A       100%        4
 Irradiate                Conj/Tmut      2%         3d14      100%        5
 Summon Hydra             Summ           1%         N/A       100%        7
 Lehudib's Crystal Spear  Conj/Erth      2%         10d2      100%        8
 Chain Lightning          Conj/Air       6%         3d8       100%        9
 Fire Storm               Conj/Fire      2%         8d1       100%        9
 Shatter                  Erth           1%         3d5*      100%        9


Dungeon Overview and Level Annotations

Branches:
Dungeon (9/15)             Temple (0/1) D:5             Orc (1/2) D:9
   Lair: D:8-11


Innate Abilities, Weirdness & Mutations

Your attributes grow dramatically as you level up.
You have an increased reservoir of magic. (+10% MP)
You shall have no god before yourself.
You are strong-willed. (Will+)
You expend magic power (3 MP) to strengthen your wands.


Message History

The orc warrior is almost dead.
You slash the ogre! You freeze the ogre. You slash the orc! You freeze the orc.
You kill the orc!
The orc warrior barely misses you. The ogre hits you with a +0 giant club.
The ogre misses you.
Unknown command.
You slice the ogre!! You freeze the ogre.
You kill the ogre!
You closely miss the orc warrior. You barely miss the ogre.
The orc warrior closely misses you. The ogre hits you with a +0 giant club!
You block the orc warrior's attack.
Unknown command.
You closely miss the orc warrior.
The orc warrior is almost dead.
You slash the ogre! You freeze the ogre. You closely miss something.
Something hits you but does no damage. The ogre barely misses you.
The orc warrior hits you with a +0 battleaxe!
* * * LOW HITPOINT WARNING * * *
Unknown command.
You completely miss the orc warrior.
The orc warrior is almost dead.
You slash something! You freeze something.
Reactivating autopickup.
You feel a bit more experienced.
You slash the ogre! You freeze the ogre. The orc warrior barely misses you.
You block the ogre's attack.
The orc warrior hits you with a +0 battleaxe!
* * * LOW HITPOINT WARNING * * *
You hit the orc warrior. You freeze the orc warrior.
The orc warrior is almost dead.
You slash the ogre! You freeze the ogre.
You kill the ogre!
You closely miss the orc. The orc completely misses you.
The orc warrior completely misses you. The orc hits you with a +0 dagger.
* * * LOW HITPOINT WARNING * * *
You completely miss the orc warrior.
The orc warrior is almost dead.
Your plate armour prevents you from hitting the orc.
You closely miss the orc. You block the orc's attack.
The orc warrior hits you with a +0 battleaxe!
You die...

#.......####...#
#.)....#....#
#........#
#..<...###
#......#
##.....# ##.####


#ooo# ##@## ### You could see an orc warrior and 2 orcs.

Vanquished Creatures
  The ghost of CowFu the Transmogrifier, a novice DrTm of Ru (D:7)
  Pikel (D:5)
  A cyclops (D:7)
  The ghost of mainiacjoe the Skirmisher, a novice HOFE (D:6)
  Sigmund (D:6)
  A shadow (D:9)
  A yak (D:9)
  A wyvern (D:9)
  Edmund (D:6)
  A water moccasin (D:9)
  4 orc warriors
  3 sky beasts
  An ice beast (D:6)
  2 necrophages
  2 centaurs (D:8)
  8 ogres
  2 lemures (D:5)
  2 bullfrogs
  A scorpion (D:4)
  2 gnoll sergeants (D:9)
  A water moccasin zombie (D:5)
  A water moccasin skeleton (D:6)
  2 killer bees (D:8)
  4 wights (D:6)
  2 howler monkeys
  2 bullfrog zombies (D:6)
  2 centaur zombies (D:7)
  3 hounds
  A jelly (D:2)
  2 orc priests
  2 centaur skeletons (D:6)
  2 bullfrog skeletons
  Jessica (D:3)
  4 iguanas
  6 orc wizards
  A hound zombie (D:5)
  A howler monkey skeleton (D:5)
  13 gnolls
  6 adders
  5 white imps
  An ufetubus (D:6)
  A worm (D:2)
  2 dart slugs (D:2)
  18 orcs
  4 ball pythons
  4 endoplasms
  3 giant cockroaches
  6 goblins
  8 hobgoblins
  2 jackals (D:3)
  3 quokkas
  6 bats
  6 frilled lizards
  9 kobolds
  7 rats
  A spectral goblin (D:2)
179 creatures vanquished.

Vanquished Creatures (collateral kills)
  A boulder beetle (D:9)
  2 killer bees (D:8)
  An orc priest (D:9)
4 creatures vanquished.

Vanquished Creatures (others)
  A hornet (D:9)
1 creature vanquished.

Grand Total: 184 creatures vanquished

Notes
Turn   | Place    | Note
-------+----------+-------------------------------------------
     0 | D:1      | willcat the Demigod Air Elementalist began the quest for
                  | the Orb.
     0 | D:1      | Reached XP level 1. HP: 14/14 MP: 5/5
   317 | D:1      | Reached skill level 1 in Conjurations
  1004 | D:1      | Reached XP level 2. HP: 18/20 MP: 7/7
  1901 | D:2      | Reached XP level 3. HP: 26/26 MP: 8/8
  2725 | D:2      | Reached skill level 1 in Maces & Flails
  2920 | D:3      | Noticed Jessica
  2933 | D:3      | Killed Jessica
  2934 | D:3      | Reached XP level 4. HP: 13/33 MP: 10/10
  3200 | D:3      | Reached skill level 1 in Armour
  3772 | D:3      | Reached XP level 5. HP: 14/38 MP: 11/11
  4363 | D:3      | Learned a level 4 spell: Airstrike
  4443 | D:4      | Reached skill level 2 in Armour
  5038 | D:5      | Entered Level 5 of the Dungeon
  5124 | D:5      | Reached XP level 6. HP: 45/45 MP: 12/12
  5582 | D:5      | Reached skill level 3 in Armour
  5645 | D:5      | Reached XP level 7. HP: 50/50 MP: 10/13
  5715 | D:5      | Noticed Pikel
  5740 | D:5      | Killed Pikel
  5741 | D:5      | Reached skill level 4 in Armour
  5741 | D:5      | Reached skill level 5 in Dodging
  6264 | D:5      | Reached XP level 8. HP: 57/57 MP: 14/14
  6432 | D:5      | Reached skill level 5 in Maces & Flails
  6682 | D:5      | Found a staircase to the Ecumenical Temple.
  6743 | D:6      | Noticed mainiacjoe's ghost (novice HOFE)
  6743 | D:6      | Found a transporter.
  6743 | D:6      | Found a transporter.
  6838 | D:6      | Reached skill level 5 in Armour
  6918 | D:6      | You fall into a shaft and drop 1 floor!
  7784 | D:6      | Noticed Edmund
  7796 | D:6      | Killed Edmund
  7868 | D:6      | Noticed Sigmund
  7878 | D:6      | Killed Sigmund
  7879 | D:6      | Reached skill level 1 in Fighting
  7879 | D:6      | Reached skill level 1 in Axes
  7879 | D:6      | Reached skill level 6 in Armour
  7879 | D:6      | Reached XP level 9. HP: 63/64 MP: 15/15
  8579 | D:7      | Found a runed translucent door.
  8579 | D:7      | Noticed a cyclops
  8579 | D:7      | Noticed CowFu's ghost (novice DrTm)
  9025 | D:7      | Gained mutation: You expend magic power (3 MP) to
                  | strengthen your wands. [potion of mutation]
  9025 | D:7      | Gained mutation: You are strong-willed. (Will+) [potion of
                  | mutation]
  9046 | D:7      | Killed CowFu's ghost
  9048 | D:7      | Killed a cyclops
  9049 | D:7      | Reached skill level 7 in Armour
  9050 | D:7      | Identified the +2 ring mail of Analysis {rF+ Str-5 Dex+5}
  9250 | D:8      | Noticed a two-headed ogre
 11292 | D:6      | Killed mainiacjoe's ghost
 11293 | D:6      | Reached XP level 10. HP: 8/80 MP: 16/16
 12213 | D:9      | Identified 2 scrolls of acquirement
 12213 | D:9      | Acquired 653 gold pieces
 12216 | D:9      | Acquired 1229 gold pieces
 12238 | D:9      | Reached skill level 5 in Fighting
 12250 | D:9      | Reached skill level 5 in Axes
 12481 | D:9      | Found a staircase to the Orcish Mines.
 12885 | D:9      | Reached skill level 1 in Shields
 12962 | D:9      | Noticed a manticore
 12973 | D:9      | HP: 2/81 [manticore (13)]
 13222 | D:9      | Noticed a boulder beetle
 13237 | D:9      | Reached skill level 8 in Armour
 13250 | D:9      | Killed a boulder beetle
 13625 | D:9      | Noticed a two-headed ogre
 13694 | Orc:1    | Entered Level 1 of the Orcish Mines
 13718 | Orc:1    | Slain by an orc warrior

Illustrated notes

Levels and vault maps discovered:
D:1:      matt_arrival_spirals, layout_basic
D:2:      layout_basic, dreamdust_ecumenical_altar_drowned_temple, minmay_vboxes
D:3:      layout_loops_cross, mainiacjoe_overflow_concentric_impassable,
          uniq_jessica
D:4:      layout_rooms, lemuel_round_altar
D:5:      layout_basic, minmay_temple_entry_fiery, uniq_pikel
D:6:      layout_basic, amcnicky_altar_gilded, gammafunk_ghost_arena,
          minivault_1, sigmund_edmund_badplayer
D:7:      layout_basic, mainiacjoe_overflow_brackets, ebering_ghost_inner_flame
D:8:      layout_gridville, kennysheep_little_box, nicolae_straight_to_the_point
D:9:      nzn_winding_woodlands_small [nzn_winding_woodlands_5x15_default,
          nzn_winding_woodlands_center_diamonds,
          nzn_winding_woodlands_5x15_twine], layout_cave_pods,
          okawaru_metal_pillars_3, overflow_temple_1_default, orc_0_dummy,
          minmay_misc_feat_iff
Orc:1:    layout_diamond_mine, serial_shops, shop_fountains

Skill      XL: |  1  2  3  4  5  6  7  8  9 10 |
---------------+-------------------------------+-----
Conjurations   | 1 |  1.6
Dodging        | 2 3 4 5 6 |  6.6
Spellcasting   | 2 |  2.2
Air Magic      | 3 |  3.1
Maces & Flails | 1 2 3 4 5 |  5.8
Armour         | 1 2 3 4 6 7 8 |  8.2
Fighting       | 1 4 5 |  5.6
Axes           | 1 4 5 |  5.6
Shields        | 2 |  2.3
Stealth        | |  1.7

Action                   |  1- 3 |  4- 6 |  7- 9 | 10-12 || total
-------------------------+-------+-------+-------+-------++-------
Melee: Unarmed           |    16 |       |       |       ||    16
       Whip              |    86 |   143 |   146 |       ||   375
       War axe           |       |       |   175 |   106 ||   281
 Cast: Shock             |    14 |    20 |    23 |       ||    57
Evoke: Wand              |       |       |     3 |    11 ||    14
  Use: Potion            |     1 |       |     7 |     3 ||    11
       Scroll            |       |       |     6 |     6 ||    12
 Stab: Sleeping          |     3 |     2 |       |       ||     5
Armor: Robe              |    26 |       |       |       ||    26
       Ring mail         |     2 |    70 |    47 |       ||   119
       Plate armour      |       |       |   111 |    64 ||   175
Dodge: Dodged            |    52 |    97 |   230 |    82 ||   461
Block: Kite shield       |       |       |       |    27 ||    27

Table legend: (Time is in decaauts)
 A = Elapsed time spent in this place.
 B = Non-inter-level travel time spent in this place.
 C = Inter-level travel time spent in this place.
 D = Time resting spent in this place.
 E = Time spent auto-exploring this place.
 F = Levels seen in this place.
 G = Mean time per level.
                   A        B        C        D        E       F      G
               +--------+--------+--------+--------+--------+-----+--------+
         Total |  13812 |  13069 |    743 |   3143 |   7594 |  10 | 1381.2 |
       Dungeon |  13783 |  13040 |    743 |   3143 |   7594 |   9 | 1531.4 |
  Orcish Mines |     29 |     29 |      0 |      0 |      0 |   1 |   29.0 |
               +--------+--------+--------+--------+--------+-----+--------+

Top non-repeatable levels by time:
     D:8: 2169 daAuts
     D:9: 2150 daAuts
     D:1: 1746 daAuts
     D:5: 1530 daAuts
     D:2: 1430 daAuts
     D:6: 1341 daAuts
     D:7: 1313 daAuts
     D:3: 1274 daAuts
     D:4: 827 daAuts
   Orc:1: 29 daAuts
